 Dungeon Crawl Stone Soup version 0.29.0-4-gdea44cf6ec (webtiles) character file.

Game seed: 3290072848264302058

70 qw the Chopper (level 4, -3/26 HPs)
             Began as a Tengu Warper on Aug 28, 2022.
             Splashed by a jelly's acid (7 damage)
             ... on level 2 of the Dungeon.
             The game lasted 00:00:10 (1802 turns).

qw the Chopper (Tengu Warper)                       Turns: 1802, Time: 00:00:10

Health: -3/26      AC:  1    Str: 13    XL:     4   Next: 22%
Magic:  8/8        EV: 15    Int: 13    God:
Gold:   116        SH:  0    Dex: 14    Spells: 7/7 levels left

rFire   . . .      SeeInvis .   k - +1 hand axe (pain)
rCold   . . .      Faith    .   (no shield)
rNeg    . . .      Spirit   .   m - +0 ring mail
rPois   .          Reflect  .   (helmet restricted)
rElec   .          Harm     .   (no cloak)
rCorr   .          Rampage  .   (no gloves)
Will    .....                   (boots unavailable)
Stlth   +.........              (no amulet)
HPRegen 0.08/turn               i - +4 ring of evasion
MPRegen 0.11/turn               (no ring)

@: corroded
A: beak, talons 3
a: no special abilities


You were on level 2 of the Dungeon.
You visited 1 branch of the dungeon, and saw 2 of its levels.

You collected 116 gold pieces.


Innate Abilities, Weirdness & Mutations

You have a beak for a mouth.
You have claws for feet.


   Skills:
 - Level 2.0 Fighting
 + Level 4.8 Axes
 - Level 1.0 Throwing
 - Level 1.1 Armour
 - Level 2.1 Dodging
 - Level 2.0 Spellcasting
 - Level 2.4 Translocations


You had 7 spell levels left.
You didn't know any spells.
Your spell library contained the following spells:

 Spells                   Type           Power      Damage    Failure   Level
 Blink                    Tloc           14%        N/A       30%         2
 Gell's Gravitas          Tloc           7%         N/A       52%         3
 Lesser Beckoning         Tloc           7%         N/A       52%         3
 Teleport Other           Tloc           7%         N/A       52%         3
 Manifold Assault         Tloc           7%         N/A       99%         5

Inventory:

Hand Weapons
 d - a +0 mace
 k - a +1 hand axe of pain (weapon)
Armour
 b - +0 storm dragon scales
 m - a +0 ring mail (worn)
Jewellery
 g - an amulet of guardian spirit
 i - a +4 ring of evasion (left hand)
Scrolls
 f - 2 scrolls of identify {unknown}
Potions
 a - 2 potions of ambrosia {unknown}
 c - a potion of invisibility {unknown}
 e - 2 potions of cancellation
 h - a potion of attraction {unknown}
 j - a potion of berserk rage {unknown}

Dungeon Overview and Level Annotations

Branches:
Dungeon (2/15)

Altars:

Shops:
D:2 :


Message History

You kill the kobold!
Things that are here:
a +0 short sword; a kobold corpse You open the door.
An endoplasm and a jelly come into view.
The endoplasm quivers.
The jelly quivers.
Found a goblin skeleton. 2 jellies and 8 endoplasms come into view.
Found a rat skeleton, a goblin skeleton, a bat skeleton and a flail.
The endoplasm quivers. x2; The jelly quivers.
The endoplasm quivers. x3
A nearby fungus withers and dies.
There is an open door here.
Enter note: You completely miss the endoplasm.
A nearby fungus withers and dies.
The endoplasm freezes you.
You are frozen.
You hit the jelly.
Your hands burn!
You claw the jelly.
The jelly is severely wounded.
You hit the endoplasm. The jelly closely misses you.
The endoplasm barely misses you.
The endoplasm jiggles.
You hit the jelly.
Your hands burn!
The jelly is almost dead.
You hit the endoplasm.
You kill the endoplasm!
You hit the endoplasm but do no damage. The jelly completely misses you.
You slash the jelly!
You kill the jelly!
You hit the jelly.
Your hands burn!
You hit the endoplasm. The endoplasm freezes you.
You are frozen.
The endoplasm hits the fungus.
The fungus begins to die.
You have reached level 4!
You feel agile.
You hit the endoplasm but do no damage. You claw the endoplasm.
You kill the endoplasm!
You barely miss the endoplasm. You hit the jelly. The acid corrodes you!
Your hands burn!
The jelly hits you.
You are splashed with acid!
You die...

........# ### #...#####
########## ..#..#
#....%...) ####.#
.###.##......... #.#
..##.##.......P. #)##
#.##.##.J.......
####..###....##JJJ.JP%%.
..<.......##?##JJJP...P.
.#####.##.##.# #@#######
..........##.#
##.....)##
........#.##.#
########.#
...........#.#
#....'..##
.............# #....####
.........#...# #.......#
.............###.......#
..............##.......#
.........###.###.......#


You could see 2 jellies and 6 endoplasms.

Vanquished Creatures
  A jelly (D:2)
  A worm (D:2)
  3 dart slugs
  4 ball pythons
  6 endoplasms
  3 giant cockroaches
  3 bats
  5 frilled lizards
  A goblin (D:1)
  9 kobolds
  3 rats (D:1)
39 creatures vanquished.

Vanquished Creatures (others)
  4 fungi (D:2)
  9 toadstools (D:2)
13 creatures vanquished.

Grand Total: 52 creatures vanquished

Notes
Turn   | Place    | Note
-------+----------+-------------------------------------------
     0 | D:1      | qw the Tengu Warper began the quest for the Orb.
     0 | D:1      | Reached XP level 1. HP: 12/12 MP: 4/4
     0 | D:1      | 0 ||| qw: Version: 0.1-a-89-g26bdef1
     0 | D:1      | 0 ||| qw: Game counter: 711
     0 | D:1      | 0 ||| qw: Always use a shield: true
     0 | D:1      | 0 ||| qw: God list: Okawaru
     0 | D:1      | 0 ||| qw: Allow faded altars: false
     0 | D:1      | 0 ||| qw: Do Orc after D:15 true
     0 | D:1      | 0 ||| qw: Do second Lair branch before Depths: true
     0 | D:1      | 0 ||| qw: Lair rune preference: random
     0 | D:1      | 0 ||| qw: Plans: Normal
     0 | D:1      | 0 ||| PLANNING D:1-11
   208 | D:1      | 208 ||| Stepping ~*~*~tactically~*~*~ (stealth).
   383 | D:1      | 383 ||| Stepping ~*~*~tactically~*~*~ (stealth).
   412 | D:1      | 412 ||| DROPPING +0 club.
   472 | D:1      | Reached XP level 2. HP: 17/17 MP: 6/6
   483 | D:1      | Reached skill level 3 in Axes
   681 | D:1      | 681 ||| Stepping ~*~*~tactically~*~*~ (stealth).
   692 | D:1      | Found a faded altar of an unknown god.
  1180 | D:1      | 1180 ||| UPGRADING to +0 ring mail.
  1190 | D:1      | 1190 ||| DROPPING +0 leather armour.
  1191 | D:1      | 1191 ||| UPGRADING to +4 ring of evasion.
  1192 | D:1      | 1192 ||| READING scroll labelled QILOR BAQUSOLIATZ.
  1193 | D:1      | 1193 ||| READING scroll labelled GIDWAN VEIDGHU.
  1194 | D:1      | 1194 ||| READING scroll labelled TUTUSA CO UCEA.
  1199 | D:1      | 1199 ||| READING scroll labelled ZUASTI EMOEDO.
  1200 | D:1      | 1200 ||| DRINKING 2 murky sapphire potions.
  1201 | D:1      | 1201 ||| DROPPING scroll of blinking.
  1232 | D:2      | 1232 ||| Stepping ~*~*~tactically~*~*~ (stealth).
  1235 | D:2      | Reached XP level 3. HP: 21/21 MP: 7/7
  1384 | D:2      | Found Dyithaja's Book Shoppe.
  1573 | D:2      | 1573 ||| Stepping ~*~*~tactically~*~*~ (stealth).
  1578 | D:2      | 1578 ||| SWAPPING to +1 hand axe of pain.
  1579 | D:2      | 1579 ||| DROPPING +0 hand axe.
  1600 | D:2      | Reached skill level 4 in Axes
  1802 | D:2      | Reached XP level 4. HP: 12/26 MP: 8/8
  1802 | D:2      | HP: 4/26 [jelly (3)]
  1802 | D:2      | Splashed by a jelly's acid

Levels and vault maps discovered:
D:1:      wander_arrival_lonely_grave, layout_loops_ring,
          dreamdust_ecumenical_altar_hidden_monk_grotto
D:2:      cheibrodos_fertilizer, layout_rooms, serial_shops, nicolae_shop_stone,
          grunt_ministairs_15

Skill      XL: |  1  2  3 |
---------------+----------+-----
Axes           | 3 4 |  4.8
Fighting       | |  2.0
Throwing       | |  1.0
Armour         | |  1.1
Dodging        | |  2.1
Spellcasting   | |  2.0
Translocations | |  2.4

Action                   |  1- 3 |  4- 6 || total
-------------------------+-------+-------++-------
Melee: Hand axe          |    76 |     1 ||    77
       Kick              |    17 |     1 ||    18
       Peck              |    12 |       ||    12
Throw: Boomerang         |     7 |       ||     7
  Use: Scroll            |     4 |       ||     4
       Potion            |     1 |       ||     1
Armor: Leather armour    |    14 |       ||    14
       Ring mail         |     4 |       ||     4
Dodge: Dodged            |    45 |       ||    45

Table legend:
 A = Non-vault XP
 B = Vault XP
 C = Vault XP percentage of total XP
 D = Non-vault monster count
 E = Vault monster count
 F = Vault count percentage of total count
                 A         B        C        D         E       F
            +---------+---------+-------+---------+---------+-------
      Total |      50 |      53 |  51.5 |      28 |      11 |  28.2
            +---------+---------+-------+---------+---------+-------
        D:1 |      31 |       0 |   0.0 |      21 |       0 |   0.0
        D:2 |      19 |      53 |  73.6 |       7 |      11 |  61.1
            +---------+---------+-------+---------+---------+-------
